 Dungeon Crawl Stone Soup version 0.28-a0-664-gc179e30c89 (webtiles) character file.

Game seed: 11930427643509436866

7 BlueGoblin the Sneak (level 1, 0/10 HPs)
             Began as a Spriggan Brigand on Oct 16, 2021.
             Succumbed to an adder's poison
             ... on level 2 of the Dungeon.
             The game lasted 00:02:33 (1059 turns).

BlueGoblin the Sneak (Spriggan Brigand)             Turns: 1059, Time: 00:02:33

Health: 0/10       AC:  3    Str:  7    XL:     1   Next: 83%
Magic:  2/2        EV: 17    Int: 12    God:
Gold:   65         SH:  0    Dex: 16    Spells: 0/0 levels left

rFire   . . .      SeeInvis +   a - +2 dagger
rCold   . . .      Faith    .   (shield restricted)
rNeg    . . .      Spirit   .   b - +0 robe
rPois   .          Reflect  .   (helmet restricted)
rElec   .          Harm     .   c - +0 cloak
rCorr   .          Rampage  .   (gloves unavailable)
Will    +....                   (boots unavailable)
Stlth   +++.......              (no amulet)
HPRegen 0.03/turn               f - ring of willpower
MPRegen 0.08/turn               (no ring)

@: lethally poisoned (0 -> -5), very quick
A: very small, no large weapons, unfitting armour, see invisible, speed 3
a: no special abilities


You were on level 2 of the Dungeon.
You visited 1 branch of the dungeon, and saw 2 of its levels.

You collected 65 gold pieces.

Inventory:

Hand Weapons
 a - a +2 dagger (weapon)
Missiles
 d - 8 poisoned darts (quivered)
 e - 2 curare-tipped darts
 g - 24 bolts
Armour
 b - a +0 robe (worn)
 c - a +0 cloak (worn)
Jewellery
 f - a ring of willpower (left hand)


   Skills:
 - Level 1.5 Fighting
 - Level 2.1 Short Blades
 - Level 2.0 Throwing
 + Level 2.6 Dodging
 - Level 5.8 Stealth


You couldn't memorise any spells.
You didn't know any spells.
Your spell library was empty.

Dungeon Overview and Level Annotations

Branches:
Dungeon (2/15)

Altars:


Innate Abilities, Weirdness & Mutations

You are very small and have problems with some larger weapons.
You are too small for most types of armour.
You have supernaturally acute eyesight. (SInv)
You cover ground extremely quickly. (Speed+++)


Message History

The adder is moderately wounded.
The adder bites you but does no damage.
You barely miss the adder.
The adder is moderately wounded.
The adder barely misses you.
You hit the adder.
The adder is severely wounded.
The adder completely misses you. The adder bites you.
You are too injured to fight recklessly!
There is a stone staircase leading up here.
You climb upwards.
There is a stone staircase leading down here.
You start resting.
HP restored.
You climb downwards.
The adder closely misses you. The adder barely misses you.
There is a stone staircase leading up here.
You hit the adder.
The adder is lightly wounded.
The adder bites you.
You hit the adder.
The adder is moderately wounded.
The adder closely misses you. The adder completely misses you.
You hit the adder.
The adder is severely wounded.
The adder barely misses you.
You closely miss the adder.
The adder is severely wounded.
The adder bites you.
* * * LOW HITPOINT WARNING * * *
You are lethally poisoned!
The adder poisons you!
You are too injured to fight recklessly!
You are too injured to fight recklessly!
You aren't carrying any potions.
Unknown command.
You aren't carrying any scrolls.
* * * LOW HITPOINT WARNING * * *
You feel sick.
Found a faded altar of an unknown god.
You die...

#.......# ..
#.......#..#. #
#............
#.##+#..####..#
#.......#
####....####
#..<....#
#..S#.#.#
#.@.#.# #
.........#.#
#.###....#..
#........
.......#.
#.....###..
...##.. #. ##.
#.# _.


You could see an adder.

Vanquished Creatures
  An endoplasm (D:1)
  3 ball pythons (D:1)
  3 frilled lizards (D:1)
  A rat (D:1)
8 creatures vanquished.

Vanquished Creatures (others)
  2 minotaurs (D:1)
  An octopode (D:1)
  A gargoyle (D:1)
  A vine stalker (D:1)
  An elf (D:1)
  2 merfolk (D:1)
  A troll (D:1)
  2 spriggans (D:1)
  An ogre (D:1)
  2 gnolls (D:1)
  A kobold (D:1)
  5 tentacles (D:1)
20 creatures vanquished.

Grand Total: 28 creatures vanquished

Notes
Turn   | Place    | Note
-------+----------+-------------------------------------------
     0 | D:1      | BlueGoblin the Spriggan Brigand began the quest for the
                  | Orb.
     0 | D:1      | Reached XP level 1. HP: 10/10 MP: 2/2
     2 | D:1      | Noticed a troll
     2 | D:1      | Noticed a minotaur
     2 | D:1      | Noticed a merfolk
     2 | D:1      | Noticed a spriggan
     2 | D:1      | Noticed an octopode
     2 | D:1      | Noticed an elf
     2 | D:1      | Noticed a kraken
     2 | D:1      | Noticed an ogre
     2 | D:1      | Noticed a minotaur
     2 | D:1      | Noticed a gargoyle
     2 | D:1      | Noticed a spriggan
     2 | D:1      | Noticed a merfolk
     2 | D:1      | Noticed a vine stalker
     3 | D:1      | Killed a merfolk
     8 | D:1      | Killed an octopode
    10 | D:1      | Killed a vine stalker
    11 | D:1      | Killed a spriggan
    12 | D:1      | Killed an elf
    12 | D:1      | Killed an ogre
    13 | D:1      | Killed a spriggan
    14 | D:1      | Killed a troll
    16 | D:1      | Killed a merfolk
    17 | D:1      | Killed a gargoyle
    19 | D:1      | Killed a minotaur
    22 | D:1      | Killed a minotaur
  1059 | D:2      | Found a faded altar of an unknown god.
  1059 | D:2      | Succumbed to an adder's poison

Illustrated notes

Levels and vault maps discovered:
D:1:      nicolae_arrival_kraken_aquarium_b, layout_loops_ring,
          chequers_serial_rivers_room_a, wander_ebering_terrifying_dragon_lair
D:2:      layout_basic, chequers_ecumenical_altar_simple, basic_altar

Skill      XL: |  1 |
---------------+----+-----
Dodging        | 2 |  2.6
Fighting       | |  1.5
Short Blades   | |  2.1
Throwing       | |  2.0
Stealth        | |  5.8

Action                   || total
-------------------------++-------
Melee: Dagger            ||    30
 Stab: Sleeping          ||     5
Armor: Robe              ||     2
Dodge: Dodged            ||    20

Table legend: (Time is in decaauts)
 A = Elapsed time spent in this place.
 B = Non-inter-level travel time spent in this place.
 C = Inter-level travel time spent in this place.
 D = Time resting spent in this place.
 E = Time spent auto-exploring this place.
 F = Levels seen in this place.
 G = Mean time per level.
                   A        B        C        D        E       F      G
               +--------+--------+--------+--------+--------+-----+--------+
         Total |    776 |    769 |      7 |    276 |    378 |   2 |  388.0 |
       Dungeon |    776 |    769 |      7 |    276 |    378 |   2 |  388.0 |
               +--------+--------+--------+--------+--------+-----+--------+

Top non-repeatable levels by time:
     D:1: 754 daAuts
     D:2: 22 daAuts
